 Dungeon Crawl Stone Soup version 0.28-a0-751-gef3a642a4e (webtiles) character file.

Game seed: 15633528901387327411

674486 Rennog the Conqueror (level 27, -8/323 HPs)
             Began as an Ogre Fighter on Oct 30, 2021.
             Was the Champion of the Shining One.
             Killed from afar by Qipsakk the pandemonium lord (38 damage)
             ... with a great icy blast
             ... in Pandemonium on Oct 31, 2021.
             The game lasted 03:45:39 (105397 turns).

Rennog the Conqueror (Ogre Fighter)               Turns: 105397, Time: 03:45:39

Health: -8/323     AC: 38    Str: 31      XL:     27
Magic:  42/42      EV: 15    Int:  4 (9)  God:    the Shining One [******]
Gold:   6289       SH: 40    Dex: 19      Spells: 21/26 levels left

rFire   + . .      SeeInvis +   h - +9 eveningstar (holy)
rCold   + + .      Faith    .   g - +8 tower shield {rC+}
rNeg    + + +      Spirit   .   D - +7 gold dragon scales
rPois   +          Reflect  +   T - +0 mask of the Dragon {Will+ Slay+3 SInv}
rElec   +          Harm     .   K - scarf {+Inv}
rCorr   .          Rampage  .   (gloves unavailable)
Will    +++..                   (boots unavailable)
Stlth   ..........              H - amulet of reflection
HPRegen 0.63/turn               Q - ring of the Cockatrice {rElec rN+ MP+9 Str+3}
MPRegen 0.28/turn               V - ring of the Tortoise {AC+8}

@: about to teleport, frozen, glowing, studying Bows, very slow
A: large, unfitting armour, tough skin 1, horns 1, large bone plates 1,
camouflage 1, agile 1, deterioration 1, screaming 1, shaggy fur 1, subdued magic
1
}: 4/15 runes: decaying, abyssal, glowing, gossamer
a: Renounce Religion, Evoke Invisibility, Divine Shield, Cleansing Flame, Summon
Divine Warrior


You were in Pandemonium.
You worshipped the Shining One.
The Shining One was exalted by your worship.
You visited 10 branches of the dungeon, and saw 46 of its levels.
You visited Pandemonium 1 time, and saw 5 of its levels.
You visited the Abyss 6 times.
You visited 1 bazaar.
You also visited: Ossuary, Ice Cave, Wizlab and Desolation.

You collected 10025 gold pieces.
You spent 3736 gold pieces at shops.

Inventory:

Hand Weapons
 h - a +9 eveningstar of holy wrath (weapon)
 B - a +0 spectral giant spiked club
 U - the +7 morningstar "Foanoru" {antimagic, rF++ Will+}
   (You found it on level 4 of the Vaults)

   It reduces the magical energy of the wielder, and disrupts the spells and
   magical abilities of those it strikes.
   Natural abilities and divine invocations are not affected.
   rF:        It greatly protects you from fire.
   Will:      It increases your willpower.
Armour
 g - a +8 tower shield of cold resistance (worn)
 t - the +2 cloak of the Thief {*Fog Slay-2 SInv Stlth+}
   (You found it on level 3 of the Elven Halls)

   It may release a thick cloud of smoke when the wearer is hurt.
   Slay:      It affects your accuracy & damage with ranged weapons and melee
   (-2).
   SInv:      It lets you see invisible.
   Stlth:     It makes you more stealthy.
 D - +7 gold dragon scales (worn)
 K - a scarf of invisibility (worn)
 T - the +0 mask of the Dragon (worn) {Will+ Slay+3 SInv}
   (You found it on level 2 of the Vaults)

   Slay:      It affects your accuracy & damage with ranged weapons and melee
   (+3).
   SInv:      It lets you see invisible.
   Will:      It increases your willpower.
Jewellery
 c - the ring of Tunin {rPois Str+6 Stlth+}
   (You acquired it on level 2 of the Elven Halls)

   [ring of strength]

   Str:       It affects your strength (+6).
   rPois:     It protects you from poison.
   Stlth:     It makes you more stealthy.
 u - the ring of Purisoepp {rPois rN+ Dex+3}
   (You found it on level 3 of the Crypt)

   [ring of positive energy]

   Dex:       It affects your dexterity (+3).
   rPois:     It protects you from poison.
   rN:        It protects you from negative energy.
 H - an amulet of reflection (around neck)
 Q - the ring of the Cockatrice (left hand) {rElec rN+ MP+9 Str+3}
   (You found it on level 3 of the Crypt)

   [ring of positive energy]

   Str:       It affects your strength (+3).
   rElec:     It insulates you from electricity.
   rN:        It protects you from negative energy.
   MP:        It affects your magic capacity (+9).
 V - the ring of the Tortoise (right hand) {AC+8}
   (You found it on level 12 of the Dungeon)

   [ring of protection]

   AC:        It affects your AC (+8).
 X - a +4 ring of slaying
Wands
 r - a wand of paralysis (43)
 s - a wand of iceblast (57)
 G - a wand of digging (12)
 J - a wand of acid (72)
 L - a wand of mindburst (27)
 P - a wand of flame (57)
Scrolls
 b - 18 scrolls of identify
 f - 14 scrolls of magic mapping
 j - 7 scrolls of enchant weapon
 m - 8 scrolls of fog
 o - 8 scrolls of teleportation
 v - a scroll of summoning
 w - 5 scrolls of holy word
 x - a scroll of immolation
 C - 13 scrolls of fear
 S - 2 scrolls of silence
 W - 10 scrolls of amnesia
 Z - 2 scrolls of brand weapon
Potions
 d - 8 potions of might
 k - 10 potions of haste
 l - 6 potions of brilliance
 n - 6 potions of lignification
 p - 4 potions of cancellation
 z - 3 potions of resistance
 A - 24 potions of curing
 E - 5 potions of mutation
 I - 2 potions of invisibility
 M - a potion of magic
 N - 6 potions of flight
 O - a potion of berserk rage
 Y - 4 potions of ambrosia
Miscellaneous
 e - a lightning rod (4/4)
 i - a tin of tremorstones (2/2)
 q - a phantom mirror
 F - a condenser vane
 R - a piece from Xom's chessboard (15/15)


   Skills:
 O Level 27 Fighting
 * Level 24.7 Maces & Flails
 + Level 16.5 Armour
 - Level 21.8 Dodging
 - Level 8.3 Stealth
 - Level 20.2 Shields
 - Level 7.1 Translocations
 - Level 13.9 Invocations
 - Level 13.0 Evocations


You had 21 spell levels left.
You knew the following spells:

 Your Spells              Type           Power      Damage    Failure   Level
a - Teleport Other        Tloc           4%         N/A       71%         3
b - Blink                 Tloc           8%         N/A       47%         2

Your spell library contained the following spells:

 Spells                   Type           Power      Damage    Failure   Level
 Apportation              Tloc           8%         N/A       32%         1
 Gell's Gravitas          Tloc           2%         N/A       71%         3
 Lesser Beckoning         Tloc           4%         N/A       71%         3
 Passage of Golubria      Tloc           4%         N/A       98%         4
 Portal Projectile        Hex/Tloc       4%         N/A       99%         3
 Animate Skeleton         Necr           0%         N/A       100%        1
 Beastly Appendage        Tmut           0%         N/A       100%        1
 Foxfire                  Conj/Fire      0%         2x1d4     100%        1
 Pain                     Necr           0%         1d4       100%        1
 Shock                    Conj/Air       0%         1d3       100%        1
 Slow                     Hex            0%         N/A       100%        1
 Sting                    Tmut/Pois      0%         1d3       100%        1
 Summon Small Mammal      Summ           0%         N/A       100%        1
 Corpse Rot               Necr/Air       0%         N/A       100%        2
 Ensorcelled Hibernation  Hex/Ice        0%         N/A       100%        2
 Poisonous Vapours        Pois/Air       0%         N/A       100%        2
 Static Discharge         Conj/Air       0%         N/A       100%        2
 Sublimation of Blood     Necr           0%         N/A       100%        2
 Wereblood                Tmut           0%         N/A       100%        2
 Call Canine Familiar     Summ           0%         N/A       100%        3
 Confusing Touch          Hex            0%         N/A       100%        3
 Conjure Flame            Conj/Fire      0%         6-21      100%        3
 Frozen Ramparts          Ice            0%         1d2       100%        3
 Ignite Poison            Fire/Tmut/Pois 0%         N/A       100%        3
 Inner Flame              Hex/Fire       0%         N/A       100%        3
 Ozocubu's Armour         Ice            0%         N/A       100%        3
 Spider Form              Tmut/Pois      0%         N/A       100%        3
 Stone Arrow              Conj/Erth      0%         3d7       100%        3
 Summon Guardian Golem    Hex/Summ       0%         N/A       100%        3
 Tukima's Dance           Hex            0%         N/A       100%        3
 Vampiric Draining        Necr           0%         2d6       100%        3
 Airstrike                Air            0%         N/A       100%        4
 Animate Armour           Summ/Erth      0%         N/A       100%        4
 Animate Dead             Necr           0%         N/A       100%        4
 Dispel Undead            Necr           0%         3d6       100%        4
 Flame Wave               Conj/Fire      0%         3d3       100%        4
 Ice Form                 Ice/Tmut       0%         N/A       100%        4
 Leda's Liquefaction      Hex/Erth       0%         N/A       100%        4
 Olgreb's Toxic Radiance  Pois           0%         N/A       100%        4
 Petrify                  Tmut/Erth      0%         N/A       100%        4
 Sticky Flame             Conj/Fire      0%         2d3       100%        4
 Summon Ice Beast         Ice/Summ       0%         N/A       100%        4
 Summon Lightning Spire   Summ/Air       0%         N/A       100%        4
 Alistair's Intoxication  Tmut/Pois      0%         N/A       100%        5
 Blade Hands              Tmut           0%         N/A       100%        5
 Borgnjor's Vile Clutch   Necr/Erth      0%         N/A       100%        5
 Excruciating Wounds      Necr           0%         N/A       100%        5
 Fireball                 Conj/Fire      0%         3d3       100%        5
 Freezing Cloud           Conj/Ice/Air   0%         6-21      100%        5
 Lee's Rapid Deconstruct  Erth           0%         3d5*      100%        5
 Lightning Bolt           Conj/Air       0%         1d11      100%        5
 Manifold Assault         Tloc           4%         N/A       100%        5
 Metabolic Englaciation   Hex/Ice        0%         N/A       100%        5
 Silence                  Hex/Air        0%         N/A       100%        5
 Summon Forest            Summ/Tloc      1%         N/A       100%        5
 Dispersal                Tloc           2%         N/A       100%        6
 Eringya's Noxious Bog    Tmut/Pois      0%         N/A       100%        6
 Invisibility             Hex            0%         N/A       100%        6
 Iron Shot                Conj/Erth      0%         9d1       100%        6
 Simulacrum               Ice/Necr       0%         N/A       100%        6
 Starburst                Conj/Fire      0%         6d3       100%        6
 Statue Form              Tmut/Erth      0%         N/A       100%        6
 Malign Gateway           Summ/Tloc      1%         N/A       100%        7
 Ozocubu's Refrigeration  Ice            0%         4d5       100%        7
 Storm Form               Tmut/Air       0%         N/A       100%        7
 Summon Hydra             Summ           0%         N/A       100%        7
 Borgnjor's Revivificati  Necr           0%         N/A       100%        8
 Disjunction              Tloc           2%         N/A       100%        8
 Ignition                 Fire           0%         3d3       100%        8
 Lehudib's Crystal Spear  Conj/Erth      0%         10d2      100%        8
 Maxwell's Capacitive Co  Air            0%         ∞         100%        8
 Necromutation            Tmut/Necr      0%         N/A       100%        8
 Death's Door             Necr           0%         N/A       100%        9
 Polar Vortex             Ice            0%         N/A       100%        9


Dungeon Overview and Level Annotations

Branches:
Dungeon (15/15)            Temple (1/1) D:6            Lair (6/6) D:8
  Swamp (4/4) Lair:3       Spider (4/4) Lair:2        Slime (0/5) Lair:6
    Orc (2/2) D:9             Elf (3/3) Orc:2        Vaults (4/5) D:13
  Crypt (3/3) Vaults:2       Tomb (0/3) Crypt:3      Depths (4/4) D:15
    Zot (0/5) Depths:4    Ossuary (visited)           IceCv (visited)
 WizLab (visited)         Desolation (visited)

Altars:
Ashenzari
Cheibriados
Dithmenos
Elyvilon
Fedhas
Gozag
Hepliaklqana
Kikubaaqudgha
Nemelex Xobeh
Okawaru
Qazlal
Ru
Sif Muna
Trog
Uskayaw
Vehumet
Wu Jian
Xom
Yredelemnul
Zin
The Shining One
Beogh

Shops:
D:2 :   D:4 :   D:8 *   Orc:2 !*(*   Elf:1 *   Elf:2 ?   Vaults:1 =
Vaults:2 *   Depths:4 :=:

Portals:
Hell: Depths:2 Depths:3 Depths:4
Abyss: Lair:5 Depths:3
Pandemonium: Depths:2
Ziggurat: Depths:1

Annotations:
D:6 2 transporters
D:9 exclusion: oklob plant
Lair:1 2 transporters, pdpol's ghost, journeyman HOAK
Lair:5 2 transporters, Necwier's ghost, journeyman MiBe
Swamp:3 Bai Suzhen
Elf:1 Donald


Innate Abilities, Weirdness & Mutations

You are too large for most types of armour.
You have tough skin. (AC +1)
You have a pair of small horns on your head.
You are partially covered in large bone plates. (SH +4)
Your skin changes colour to match your surroundings (Stealth+).
You are agile. (Dex +2)
Your body sometimes deteriorates upon taking damage.
You occasionally shout uncontrollably at your foes.
You are covered in fur. (AC +1)
Your spells are a little easier to cast, but a little less powerful.


Message History

You kill the ynoxinul!
The Shining One accepts your kill.
You feel better.
The ufetubus disappears in a puff of smoke! x2
A smoke demon comes into view.
The smoke demon moves out of view.
You puncture the tormentor!
The tormentor convulses!!
You headbutt the tormentor.
The tormentor is almost dead.
The tormentor calls on the powers of darkness!
Your body is wracked with pain!
* * * LOW HITPOINT WARNING * * *
You puncture the tormentor!
You kill the tormentor!
The Shining One accepts your kill. The smoke demon gestures at you.
The sticky flame reflects off an invisible shield around you!
The sticky flame hits the smoke demon.
The smoke demon resists.
Qipsakk gestures at you.
Qipsakk conjures a mighty blast of ice!
The great icy blast engulfs you!!! You partially resist.
* * * LOW HITPOINT WARNING * * *
You are encased in ice.
You hear a roar!
You hear a shout!
As you read the scroll of teleportation, it crumbles to dust.
You feel strangely unstable.
You are engulfed in freezing vapours.
You resist.
* * * LOW HITPOINT WARNING * * *
Okay, then.
You feel much better.
You are engulfed in freezing vapours.
You resist.
A blizzard demon comes into view.
Qipsakk is engulfed in freezing vapours.
Qipsakk gestures at you.
The sphere of damnation explodes!
The damnation engulfs you!!
* * * LOW HITPOINT WARNING * * *
You feel much better.
You are engulfed in freezing vapours.
You resist.
Qipsakk is engulfed in freezing vapours.
Qipsakk gestures at you.
Qipsakk conjures a mighty blast of ice!
The great icy blast engulfs you!!! You partially resist.
You die...

#... #...# #...#
##....# #...##
##.....+
.###....###......#
.................#
................!#
..........###+####
#######§§.##.......
##23&§@§§§...........
#..######§...........
#.## ##...........
#..# #...........
#..§ #...........
#..'2 #...........
#..#.. #...........
##.##.. ##...........
#.. ### #............


You could see Qipsakk, a blizzard demon and a smoke demon.

Vanquished Creatures
  2 dread liches
  3 ancient liches
  4 juggernauts
  Xtahua (Depths:4)
  A Head Instructor (WizLab)
  3 caustic shrikes (Depths:3)
  2 golden dragons
  The ghost of Oleutuy the Sorcerer, a veteran SpVM of Ashenzari (Depths:4)
  3 profane servitors
  Jory (Vaults:2)
  14 bone dragons
  3 Tzitzimimeh (Pan)
  7 tentacled monstrosities
  2 hellephants
  2 Ice Fiends (Pan)
  2 pandemonium lords (Pan)
  2 Hell Sentinels
  17 liches
  A quicksilver dragon (WizLab)
  7 titans
  7 deep elf master archers
  A walking frostbound tome (Depths:3)
  An ancient champion (Crypt:1)
  52 tentacled starspawn
  4 deep elf blademasters
  13 Executioners
  4 sphinxes
  Kirke (Lair:6)
  4 tengu reavers
  A storm dragon (Depths:4)
  A daeva (Abyss:3)
  6 shadow dragons
  A thorn hunter (Swamp:2)
  Roxanne (Swamp:1)
  A fire giant (shapeshifter) (Abyss:1)
  5 revenants
  3 draconian knights
  3 demonspawn warmongers (Pan)
  11 vault wardens
  6 ghost moths
  A draconian scorcher (Abyss:3)
  15 fire giants
  6 deep elf sorcerers
  9 balrugs
  2 curse skulls
  Aizul (Swamp:3)
  4 orc warlords
  10 cacodemons
  2 deep elf elementalists
  18 frost giants
  11 emperor scorpions
  Louise (Spider:3)
  A draconian stormcaller (Abyss:3)
  A juggernaut skeleton (Abyss:1)
  A shard shrike simulacrum (Abyss:5)
  A demonspawn blood saint (Pan)
  5 war gargoyles
  A reaper (Pan)
  39 very ugly things
  14 ironbound preservers
  A caustic shrike skeleton (Crypt:3)
  5 vampire knights
  21 stone giants
  4 draconian annihilators
  3 ophanim
  Azrael (D:14)
  3 green draconians
  9 deep elf demonologists
  Nessos (D:14)
  2 demonspawn black suns (Pan)
  6 deep elf annihilators (Elf:3)
  3 purple draconians
  3 black draconians
  3 bunyips
  9 lorocyprocas
  3 entropy weavers
  16 dire elephants
  2 spark wasps (Depths:3)
  2 red draconians
  10 white draconians
  6 yellow draconians
  7 eleionomae
  5 blizzard demons
  5 eidola
  A merfolk javelineer (Depths:2)
  3 deep elf death magi (Elf:3)
  4 ettins
  4 green deaths
  A crystal guardian (Abyss:5)
  A merfolk impaler (Abyss:4)
  5 deep elf high priests (Elf:3)
  3 shambling mangroves
  Josephine (D:11)
  10 jiangshi
  2 servants of whispers (Desolation)
  7 fire dragons
  14 rakshasas
  2 hell beasts (Pan)
  14 yaktaur captains
  18 great orbs of eyes
  8 ice dragons
  4 boulder beetles
  3 ragged hierophants
  2 naga warriors (Abyss:3)
  8 vault guards
  A quicksilver dragon skeleton (Abyss:2)
  16 hydras
  4 peacekeepers
  7 ironbound thunderhulks
  5 spriggan air magi
  A catoblepas (Abyss:5)
  3 ghost crabs
  An ogre mage (WizLab)
  An anaconda (shapeshifter) (Depths:3)
  2 death knights
  2 centaur warriors
  4 ironbound frosthearts
  3 spectral elves (Elf:1)
  7 deep troll shamans
  32 dancing weapons
  3 death yaks (Lair:2)
  3 alligators
  5 tengu warriors
  A titan zombie (Crypt:1)
  4 two-headed ogres
  9 vampire magi
  5 deep troll earth magi
  14 hell hogs
  83 thrashing horrors
  8 spriggan berserkers
  5 orc high priests
  A shock serpent (shapeshifter) (Abyss:3)
  12 hell knights
  25 deep elf knights
  2 fire crabs (Abyss:5)
  8 soul eaters
  32 sun demons
  A salamander mystic (WizLab)
  10 skeletal warriors
  6 iron trolls
  17 spatial maelstroms
  44 wretched stars
  An entropy weaver zombie (Crypt:1)
  17 sixfirhies
  11 glowing orange brains
  4 goliath frogs
  5 shadow wraiths
  2 spriggan druids
  A ghost moth zombie (Crypt:1)
  A sea snake (shapeshifter) (Abyss:2)
  An anaconda zombie (Abyss:1)
  11 swamp dragons
  53 deep trolls
  8 flayed ghosts
  6 shadow demons
  10 bog bodies
  18 deep elf archers
  230 starcursed masses
  2 death drakes (shapeshifter)
  19 phantasmal warriors
  4 harpies
  3 bunyip skeletons
  19 wizards
  A sphinx zombie (Crypt:2)
  2 orange crystal statues
  16 ironbound convokers
  6 lindwurms
  7 orc knights
  A stone giant zombie (Crypt:3)
  4 necromancers
  5 orc sorcerers
  36 ugly things
  2 draconians (Abyss:3)
  33 deep elf zephyrmancers
  34 wolf spiders
  8 mana vipers (WizLab)
  An eleionoma zombie (Crypt:1)
  A human zombie (Crypt:1)
  37 deep elf pyromancers
  2 shining eyes
  17 orb spiders
  A cyclops (shapeshifter) (Vaults:2)
  A salamander (shapeshifter) (Abyss:4)
  11 worldbinders
  5 cyclopes
  15 slime creatures
  6 elephants
  4 centaur zombies
  A manticore (D:14)
  4 will-o-the-wisps
  A stone giant skeleton (Crypt:3)
  7 fire giant skeletons (Crypt:3)
  10 cane toads
  37 smoke demons
  A black mamba (shapeshifter) (Abyss:1)
  3 rust devils
  17 vault sentinels
  A dire elephant zombie (Abyss:2)
  2 black mambas
  4 gargoyles (Crypt:3)
  3 eyes of devastation (Abyss:2)
  13 apocalypse crabs
  4 guardian serpents
  16 orange demons
  A rime drake (Lair:4)
  3 naga magi (WizLab)
  3 storm dragon simulacra (IceCv)
  An unseen horror (shapeshifter) (Abyss:2)
  A naga skeleton (Abyss:2)
  A rime drake (shapeshifter) (Vaults:1)
  16 komodo dragons
  11 efreet
  2 kobold demonologists
  A komodo dragon (shapeshifter) (Vaults:4)
  9 tormentors
  2 spriggan skeletons
  3 unseen horrors
  8 hellions
  An alligator snapping turtle skeleton (Crypt:1)
  38 ancient zymes
  3 ice devils
  19 freezing wraiths
  6 golden dragon simulacra (IceCv)
  2 harpy zombies
  A death drake zombie (Crypt:1)
  8 hellwings
  A red devil (Abyss:3)
  39 yaktaurs
  18 demonic crawlers
  A silent spectre (Abyss:5)
  A troll (shapeshifter) (Abyss:4)
  A tengu conjurer (WizLab)
  3 polar bears
  5 trolls
  32 jumping spiders
  12 tyrant leeches
  21 hornets
  A harpy skeleton (Abyss:3)
  A wind drake (shapeshifter) (Abyss:5)
  12 saltlings
  33 blink frogs
  A raiju (shapeshifter) (Abyss:5)
  92 raiju
  135 large abominations
  A snapping turtle (shapeshifter) (Elf:1)
  An ettin zombie (Crypt:3)
  13 flying skulls
  40 ynoxinuls
  9 fire dragon skeletons (Crypt:3)
  An ettin skeleton (Crypt:3)
  14 spriggans
  A redback (shapeshifter) (Abyss:2)
  9 vampires
  24 wraiths
  34 yaks
  6 air elementals
  A spriggan simulacrum (Abyss:2)
  8 shadows
  A hog (Lair:6)
  80 redbacks
  27 tarantellas
  3 wyverns
  4 basilisks
  A basilisk (shapeshifter) (Abyss:5)
  10 golden eyes (Abyss:5)
  A black mamba skeleton (Crypt:1)
  17 water elementals
  Grum (D:9)
  42 neqoxecs
  12 humans
  7 fire elementals
  17 vampire mosquitoes
  36 chaos spawn
  20 spatial vortices
  A swamp worm (shapeshifter) (Depths:3)
  5 wargs
  3 nagas (Abyss:3)
  15 swamp worms
  An acid dragon (D:10)
  14 water moccasins
  2 floating eyes
  11 hell hounds
  5 swamp drakes
  A faun skeleton (Crypt:2)
  47 orc warriors
  A sky beast (Abyss:1)
  A swamp dragon zombie (Crypt:1)
  Duvessa (D:4)
  4 ice dragon simulacra (IceCv)
  2 ice beasts
  2 black bears
  A black bear (shapeshifter) (Depths:4)
  15 ogres
  A black mamba simulacrum (Abyss:1)
  2 necrophages
  6 centaurs
  2 boggarts (D:15)
  4 wolves
  4 phantoms
  A rime drake zombie (Crypt:2)
  2 elf simulacra (Elf:1)
  Blork the orc (D:6)
  A gnoll sergeant (D:9)
  2 kobold brigands
  Dowan (D:4)
  A scorpion (D:6)
  A naga simulacrum (Abyss:4)
  16 bullfrogs
  5 earth elementals
  2 wyvern zombies
  2 water moccasin zombies
  A cyclops skeleton (Crypt:1)
  A water moccasin skeleton (D:4)
  82 small abominations
  A wyvern skeleton (D:7)
  10 killer bees
  2 spriggan zombies
  8 lindwurm simulacra (IceCv)
  3 electric eels
  2 wights (Crypt:3)
  A raiju skeleton (Crypt:1)
  5 howler monkeys (D:8)
  A lava snake (D:9)
  A crimson imp (Abyss:3)
  A wolf skeleton (Crypt:2)
  6 quasits
  2 bullfrog zombies
  5 hounds
  A centaur skeleton (Crypt:1)
  2 jellies
  34 orc priests
  10 iron imps
  2 iguanas
  37 orc wizards
  A lightning spire (Abyss:4)
  2 killer bee zombies
  A hound zombie (D:5)
  A howler monkey zombie (D:9)
  A mummy (Ossuary)
  A howler monkey skeleton (D:7)
  8 gnolls
  8 adders
  A shadow imp (D:6)
  7 white imps
  6 ufetubi
  An adder skeleton (D:4)
  A worm (D:5)
  4 dart slugs
  116 orcs
  8 ball pythons
  9 bats
  6 endoplasms
  A giant cockroach (D:3)
  5 goblins
  8 hobgoblins
  3 jackals (D:2)
  17 kobolds
  4 quokkas
  11 frilled lizards
  8 gnoll skeletons (Ossuary)
  A hobgoblin zombie (Crypt:1)
  5 kobold skeletons (Ossuary)
  A kobold zombie (Crypt:2)
  12 orc skeletons (Ossuary)
  7 rats
  7 lurking horrors
  45 starspawn tentacles
3496 creatures vanquished.

Vanquished Creatures (collateral kills)
  Mnoleg (Pan)
  A tentacled starspawn (Abyss:3)
  A cacodemon (Pan)
  A very ugly thing (Pan)
  An ironbound preserver (Vaults:3)
  An entropy weaver (Vaults:3)
  A lorocyproca (Abyss:3)
  2 ugly things (Pan)
  A chaos spawn (Pan)
  2 neqoxecs (Pan)
  A small abomination (Abyss:3)
13 creatures vanquished.

Vanquished Creatures (others)
  An ancient lich (Depths:4)
  Arachne (Spider:3)
  The ghost of Goerukk the Blocker, an adept HuFi (Depths:4)
  A lich (Depths:4)
  An eldritch tentacle (Pan)
  A tentacled starspawn (Abyss:4)
  A frost giant (Depths:3)
  A thrashing horror (Abyss:4)
  A sun demon (Abyss:5)
  2 deep elf knights
  A spriggan druid (Swamp:4)
  A goliath frog (Swamp:1)
  3 large abominations
  A deep elf pyromancer (Elf:2)
  An ugly thing (Pan)
  An unseen horror (Abyss:5)
  5 bloated husks
  2 tyrant leeches (Spider:1)
  3 raiju (Abyss:5)
  7 small abominations
  A redback (Spider:1)
  2 chaos spawn
  A human (D:13)
  9 golden eyes (Abyss:5)
  2 neqoxecs (Pan)
  A boggart (D:15)
  3 ball lightnings (Depths:4)
  A briar patch (Swamp:2)
  10 foxfires
  36 fungi
  A lost soul (Elf:1)
  7 lurking horrors
  121 plants
  89 starspawn tentacles
  41 withered plants (Crypt:3)
361 creatures vanquished.

Grand Total: 3870 creatures vanquished

Notes
Turn   | Place    | Note
-------+----------+-------------------------------------------
     0 | D:1      | Rennog the Ogre Fighter began the quest for the Orb.
     0 | D:1      | Reached XP level 1. HP: 24/24 MP: 1/1
    56 | D:1      | Reached XP level 2. HP: 16/32 MP: 2/2
   638 | D:1      | Reached XP level 3. HP: 39/40 MP: 3/3
   722 | D:1      | Found a faded altar of an unknown god.
  1297 | D:2      | Found Wuaceafate's Book Shoppe.
  1643 | D:3      | Reached XP level 4. HP: 49/49 MP: 4/4
  2068 | D:3      | Reached skill level 5 in Fighting
  2800 | D:4      | Noticed Duvessa
  2800 | D:4      | Noticed Dowan
  2972 | D:4      | Reached XP level 5. HP: 57/57 MP: 5/5
  2985 | D:4      | Found Nizavia's Book Emporium.
  3062 | D:5      | Entered Level 5 of the Dungeon
  3111 | D:5      | Noticed a phantom
  3235 | D:4      | Killed Duvessa
  3236 | D:4      | Reached skill level 6 in Fighting
  3236 | D:4      | Reached XP level 6. HP: 51/67 MP: 6/6
  3250 | D:4      | HP: 2/67 [something/magic dart (8)]
  3622 | D:4      | Reached skill level 5 in Maces & Flails
  3709 | D:4      | Killed Dowan
  3991 | D:4      | Reached XP level 7. HP: 39/76 MP: 7/7
  4310 | D:5      | Reached skill level 7 in Fighting
  5385 | D:5      | Reached XP level 8. HP: 49/88 MP: 8/8
  5635 | D:5      | Reached skill level 8 in Fighting
  6684 | D:6      | Noticed Blork the orc
  6936 | D:6      | Noticed a troll
  7731 | D:6      | Found a glowing silver altar of Zin.
  7731 | D:6      | Found a transporter.
  7731 | D:6      | Noticed a troll
  7737 | D:6      | Found a transporter.
  7814 | D:6      | Reached XP level 9. HP: 93/97 MP: 9/9
  7837 | D:6      | Found a staircase to the Ecumenical Temple.
  8221 | D:6      | Killed Blork the orc
  8666 | Temple   | Entered the Ecumenical Temple
  8820 | Temple   | Became a worshipper of Warmaster Okawaru
  8941 | D:7      | Found a sand-covered staircase.
  8961 | Ossuary  | Entered an ossuary
  9050 | Ossuary  | Reached skill level 9 in Fighting
  9632 | D:7      | Reached skill level 10 in Fighting
  9645 | D:7      | Reached * piety under Okawaru
  9646 | D:7      | Reached skill level 5 in Dodging
  9930 | D:7      | Reached skill level 11 in Fighting
 10316 | D:7      | Found a hide-covered altar of Uskayaw.
 10325 | D:7      | Reached skill level 12 in Fighting
 10632 | D:5      | Killed a troll
 10632 | D:5      | Reached ** piety under Okawaru
 10633 | D:5      | Reached XP level 10. HP: 81/118 MP: 10/10
 10861 | D:8      | Found a staircase to the Lair.
 10899 | D:8      | Noticed a two-headed ogre
 11003 | D:8      | Found Onuedwid's Changing Room.
 11003 | D:8      | You fall into a shaft and drop 3 floors!
 11029 | D:10     | Entered Level 10 of the Dungeon
 11080 | D:10     | Reached skill level 13 in Fighting
 11230 | D:10     | Noticed a lindwurm
 11284 | D:10     | Noticed a lindwurm
 11311 | D:10     | Reached skill level 14 in Fighting
 11463 | D:9      | Reached *** piety under Okawaru
 11505 | D:9      | Reached skill level 15 in Fighting
 11511 | D:9      | Noticed Grum
 11958 | D:10     | Noticed a brown ugly thing
 11990 | D:10     | Noticed a lindwurm
 12466 | D:10     | Reached skill level 16 in Fighting
 12480 | D:10     | Noticed a lindwurm
 12567 | D:9      | Reached skill level 1 in Armour
 12847 | D:9      | Reached XP level 11. HP: 119/137 MP: 11/11
 13198 | D:8      | Reached skill level 17 in Fighting
 13231 | D:8      | Reached **** piety under Okawaru
 13705 | D:9      | Found a staircase to the Orcish Mines.
 14284 | D:9      | Killed Grum
 14285 | D:9      | Reached skill level 10 in Maces & Flails
 14543 | D:9      | Found a blossoming altar of Fedhas.
 14555 | D:9      | Noticed an oklob plant
 14643 | D:10     | Found a bloodstained altar of Trog.
 14818 | D:10     | Found a sacrificial altar of Ru.
 15422 | D:11     | Noticed a centaur warrior
 15437 | D:11     | Reached skill level 18 in Fighting
 15454 | D:11     | Killed a centaur warrior
 15976 | D:11     | Found a sparkling altar of Nemelex Xobeh.
 16010 | D:11     | Noticed Josephine
 16010 | D:11     | Noticed a six-headed hydra
 16090 | Lair:1   | Entered Level 1 of the Lair of Beasts
 16129 | Lair:1   | Reached ***** piety under Okawaru
 16152 | Lair:1   | Found a transporter.
 16400 | Lair:1   | Noticed a five-headed hydra
 16419 | Lair:1   | Killed a five-headed hydra
 16420 | Lair:1   | Reached skill level 19 in Fighting
 16632 | Lair:1   | HP: 4/145 [yak (11)]
 17134 | Lair:1   | Reached XP level 12. HP: 80/156 MP: 12/12
 17552 | Lair:1   | Found a transporter.
 17998 | Lair:1   | Noticed a seven-headed hydra
 18000 | Lair:1   | Noticed a six-headed hydra
 18100 | Lair:2   | Reached skill level 20 in Fighting
 18235 | Lair:2   | Received a gift from Okawaru
 18775 | Lair:2   | Noticed a death yak
 18775 | Lair:2   | Noticed a death yak
 18775 | Lair:2   | Noticed a death yak
 18834 | Lair:1   | Noticed pdpol's ghost (journeyman HOAK)
 19186 | Lair:1   | Reached skill level 5 in Armour
 20170 | Lair:2   | Received a gift from Okawaru
 20180 | Lair:2   | Found a hole to the Spider Nest.
 21325 | Lair:3   | Reached ****** piety under Okawaru
 21957 | Lair:3   | Reached XP level 13. HP: 102/165 MP: 13/13
 22103 | Lair:3   | Found a staircase to the Swamp.
 23663 | Lair:5   | You fall into a shaft and drop 1 floor!
 23663 | Lair:6   | Entered Level 6 of the Lair of Beasts
 23712 | Lair:5   | Found a transporter.
 23715 | Lair:5   | Found a one-way gate to the infinite horrors of the Abyss.
 23715 | Lair:5   | Noticed Necwier's ghost (journeyman MiBe)
 23717 | Lair:5   | Noticed a rakshasa
 23731 | Lair:5   | Found a transporter.
 24132 | Lair:5   | Reached skill level 1 in Invocations
 24717 | Lair:6   | Received a gift from Okawaru
 25145 | Lair:6   | Found a staircase to the Slime Pits.
 25195 | Lair:6   | Noticed Kirke
 25222 | Lair:6   | Killed Kirke
 26877 | Orc:1    | Entered Level 1 of the Orcish Mines
 26998 | Orc:1    | Reached skill level 5 in Invocations
 27052 | D:9      | Received a gift from Okawaru
 27507 | Orc:2    | Entered Level 2 of the Orcish Mines
 27938 | Orc:2    | Reached XP level 14. HP: 171/175 MP: 18/18
 28206 | Orc:1    | Noticed an orc warlord
 28662 | Orc:2    | Paralysed by an orc sorcerer for 3 turns
 28813 | Orc:2    | Found Kuhadd's Assorted Antiques.
 28823 | Orc:2    | Reached skill level 15 in Maces & Flails
 28840 | Orc:2    | Found Dagiorgh's Antique Weapon Shop.
 28863 | Orc:2    | Identified a scroll of acquirement
 28867 | Orc:2    | Acquired a +4 ring of evasion
 28948 | Orc:2    | Bought a polished morningstar for 270 gold pieces
 28948 | Orc:2    | Identified the +6 morningstar "Beastbane" {venom, *Rage
                  | *Noise Int+4 Dex+8} (You bought it in a shop on level 2 of
                  | the Orcish Mines)
 29311 | Orc:2    | Found a staircase to the Elven Halls.
 29442 | Orc:2    | Identified the +1 ice dragon scales "Ywkeneatuo" {rElec rF-
                  | rC++}
 29688 | Orc:2    | Noticed an orc warlord
 29713 | Orc:2    | Killed an orc warlord
 30015 | Orc:2    | Identified the +1 robe of Judeh {Drain Dex+5} (Okawaru
                  | gifted it to you on level 2 of the Orcish Mines)
 30015 | Orc:2    | Received a gift from Okawaru
 30112 | Orc:2    | Found Burak's General Store.
 30356 | Orc:2    | Found Jeorhip's Distillery.
 30690 | Orc:2    | Killed an orc warlord
 31008 | Orc:2    | Bought the +9 mace of Aptiozoss {holy, rC+ Int+6 Stlth+}
                  | for 1276 gold pieces
 31227 | D:11     | Killed Josephine
 31535 | D:12     | Found the ring of the Tortoise {AC+8}
 33491 | D:14     | Found a white marble altar of Elyvilon.
 33900 | D:13     | Reached XP level 15. HP: 63/183 MP: 21/21
 34265 | D:13     | Got the Tome of Mutagenic Translocation
 34872 | D:13     | Found a gate to the Vaults.
 35266 | D:14     | Noticed Azrael
 35285 | D:14     | Killed Azrael
 35531 | D:14     | Noticed Nessos
 35543 | D:14     | Killed Nessos
 35543 | D:14     | Received a gift from Okawaru
 36001 | D:15     | Entered Level 15 of the Dungeon
 36699 | D:15     | Found a basalt altar of Yredelemnul.
 37483 | D:15     | Found a staircase to the Depths.
 37955 | D:15     | Acquired a +0 eveningstar of distortion
 38522 | Spider:1 | Entered Level 1 of the Spider Nest
 38648 | Lair:2   | Reached skill level 5 in Shields
 39685 | Swamp:1  | Entered Level 1 of the Swamp
 39685 | Swamp:1  | Noticed Roxanne
 40310 | Elf:1    | Entered Level 1 of the Elven Halls
 41322 | Elf:1    | Paralysed by an air elemental for 1 turns
 41325 | Elf:1    | Reached XP level 16. HP: 151/192 MP: 22/22
 41469 | Elf:1    | Received a gift from Okawaru
 41873 | Elf:1    | Noticed Donald
 42190 | Orc:2    | Acquired 1150 gold pieces
 45659 | Swamp:2  | Noticed a thorn hunter
 46536 | Swamp:2  | Killed a thorn hunter
 47007 | Swamp:2  | Received a gift from Okawaru
 47803 | Swamp:3  | Noticed Bai Suzhen
 47898 | Swamp:4  | Entered Level 4 of the Swamp
 49318 | Swamp:3  | Acquired a manual of Dodging
 49415 | Swamp:3  | Reached XP level 17. HP: 189/201 MP: 23/23
 49545 | Swamp:4  | Reached skill level 10 in Dodging
 49678 | Swamp:4  | Identified the +1 flail of Luceney {antimagic, rF++ Int+3}
                  | (Okawaru gifted it to you on level 4 of the Swamp)
 49678 | Swamp:4  | Received a gift from Okawaru
 50040 | Swamp:4  | Reached skill level 10 in Shields
 50677 | Swamp:4  | Noticed a tentacled monstrosity
 50683 | Swamp:4  | Killed a tentacled monstrosity
 50683 | Swamp:4  | Received a gift from Okawaru
 50710 | Swamp:4  | Got a decaying rune of Zot
 51011 | Swamp:3  | Noticed Aizul
 51032 | Swamp:3  | Killed Aizul
 51032 | Swamp:3  | Received a gift from Okawaru
 51519 | Swamp:1  | Killed Roxanne
 52042 | Elf:1    | Found Reckuc's General Store.
 52281 | Elf:1    | Reached skill level 1 in Translocations
 52724 | Elf:2    | Found a crumbling gateway.
 52751 | Desolati | Entered the Desolation of Salt
 53955 | Elf:2    | Found Zizix's Magic Scroll Shop.
 53983 | Elf:2    | Bought a scroll of acquirement for 676 gold pieces
 53987 | Elf:2    | Acquired the ring of Tunin {rPois Str+6 Stlth+}
 54210 | Elf:2    | Identified the +2 shortbow "Pefoozog" {speed, Fragile rElec
                  | rN+++} (Okawaru gifted it to you on level 2 of the Elven
                  | Halls)
 54210 | Elf:2    | Received a gift from Okawaru
 54460 | Elf:2    | Paralysed by an air elemental for 1 turns
 54697 | Elf:2    | Found a runed translucent gate.
 54697 | Elf:2    | Found a runed translucent gate.
 54697 | Elf:2    | Found a runed translucent gate.
 54726 | Elf:2    | Reached XP level 18. HP: 151/210 MP: 24/24
 55833 | Elf:2    | Received a gift from Okawaru
 55992 | Elf:3    | Entered Level 3 of the Elven Halls
 56850 | Elf:3    | Paralysed by an air elemental for 1 turns
 57064 | Elf:3    | Noticed a Tzitzimitl
 57122 | Elf:3    | Reached skill level 5 in Translocations
 57123 | Elf:3    | Cast into level 2 of the Abyss (a deep elf demonologist)
 57123 | Abyss:2  | Found a corrupted altar of Lugonu.
 57294 | Abyss:2  | Found a corrupted altar of Lugonu.
 57456 | Abyss:2  | Received a gift from Okawaru
 57581 | Elf:3    | Escaped the Abyss
 57914 | Elf:2    | Learned a level 3 spell: Teleport Other
 58193 | Elf:3    | Found the +2 Maxwell's thermic engine {flame, freeze}
 58768 | Elf:3    | Reached XP level 19. HP: 137/200 MP: 25/25
 58940 | Elf:3    | Noticed a Tzitzimitl
 59242 | Elf:3    | Identified the +4 executioner's axe of the Tomato {vorpal,
                  | Fly rF- rCorr MP+9}
 59242 | Elf:3    | Identified the +1 leather armour of Yklum {Int+4}
 59252 | Elf:3    | Cast into level 3 of the Abyss (a deep elf sorcerer)
 59257 | Abyss:4  | Found a corrupted altar of Lugonu.
 59316 | Abyss:5  | Entered Level 5 of the Abyss
 59441 | Abyss:5  | Identified the +5 morningstar "Grim" {freeze, rF+} (Okawaru
                  | gifted it to you on level 5 of the Abyss)
 59441 | Abyss:5  | Received a gift from Okawaru
 59447 | Elf:3    | Escaped the Abyss
 59864 | Elf:3    | Identified the +8 short sword of Reinforcement {speed, rC+
                  | Str+3}
 59876 | Elf:3    | Noticed an Ice Fiend
 60370 | Elf:3    | Found the +6 shillelagh "Devastator" {shatter}
 60372 | Elf:3    | Found the +2 cloak of the Thief {*Fog Slay-2 SInv Stlth+}
 60389 | Elf:3    | Received a gift from Okawaru
 60705 | Elf:3    | Learned a level 2 spell: Blink
 61083 | Vaults:1 | Entered Level 1 of the Vaults
 61126 | Vaults:1 | Reached skill level 1 in Evocations
 61607 | D:13     | Reached skill level 15 in Dodging
 62050 | Vaults:1 | Reached skill level 15 in Shields
 62118 | Vaults:1 | Identified the +0 leather armour of Sixeymowk {Will+ SInv}
 62175 | Vaults:1 | Identified the +1 animal skin of the Present {SInv}
                  | (Okawaru gifted it to you on level 1 of the Vaults)
 62175 | Vaults:1 | Received a gift from Okawaru
 62730 | Vaults:1 | Found Iwua's Jewellery Emporium.
 62998 | Vaults:1 | Reached skill level 5 in Evocations
 63371 | Vaults:2 | Reached XP level 20. HP: 187/228 MP: 26/26
 63894 | Vaults:2 | Found a staircase to the Crypt.
 63894 | Vaults:2 | Found an ancient bone altar of Kikubaaqudgha.
 63895 | Vaults:2 | Found a basalt altar of Yredelemnul.
 64619 | Vaults:2 | Found the +0 mask of the Dragon {Will+ Slay+3 SInv}
 64818 | Vaults:2 | Received a gift from Okawaru
 64929 | Vaults:2 | Found Tetwef's General Store.
 64937 | Vaults:2 | Bought a potion of curing for 60 gold pieces
 64937 | Vaults:2 | Bought 2 potions of heal wounds for 200 gold pieces
 66089 | Vaults:3 | Found a flickering gateway to a bazaar.
 66095 | Bazaar   | Entered a bazaar
 66256 | Bazaar   | Found Udusy's Weapon Emporium.
 66272 | Bazaar   | Found Wiewkul's Weapon Emporium.
 66288 | Bazaar   | Found Ekath's Assorted Antiques.
 66331 | Bazaar   | Bought a masterwork mace for 192 gold pieces
 66331 | Bazaar   | Identified the +12 mace of Earthquakes {freeze, rPois Will+
                  | rCorr Str+3} (You bought it in a shop in a bazaar)
 66448 | Vaults:3 | Identified the +6 hand axe of Integrity {elec, Str+7}
                  | (Okawaru gifted it to you on level 3 of the Vaults)
 66448 | Vaults:3 | Received a gift from Okawaru
 67009 | Vaults:3 | Reached XP level 21. HP: 229/237 MP: 27/27
 67643 | Vaults:4 | Reached skill level 10 in Evocations
 67660 | Vaults:4 | Identified the +9 flail of the Spheres {venom, Int+6}
                  | (Okawaru gifted it to you on level 4 of the Vaults)
 67660 | Vaults:4 | Received a gift from Okawaru
 67972 | Vaults:4 | Identified the +7 morningstar "Foanoru" {antimagic, rF++
                  | Will+}
 69731 | Spider:1 | Received a gift from Okawaru
 70042 | Spider:1 | Got the Grimoire of Dislocated Weightlessness
 71513 | Spider:3 | Found a frozen archway.
 71522 | IceCv    | Entered an ice cave
 72600 | IceCv    | Identified the ring "Tecoq" {rC+ rCorr Dex+2}
 72854 | Spider:3 | Noticed Arachne
 72867 | Spider:3 | Killed Arachne
 72868 | Spider:3 | Reached skill level 21 in Fighting
 73154 | Spider:3 | Found the +7 great mace "Undeadhunter" {disrupt, rN+}
 73644 | Spider:4 | Entered Level 4 of the Spider Nest
 73676 | Spider:4 | Reached XP level 22. HP: 243/252 MP: 28/28
 73708 | Spider:4 | Noticed Louise
 73726 | Spider:3 | Killed Louise
 73836 | Spider:4 | Received a gift from Okawaru
 75149 | Spider:4 | Got a gossamer rune of Zot
 75461 | Depths:1 | Entered Level 1 of the Depths
 75684 | Temple   | Fell from the grace of Okawaru
 75684 | Temple   | Became a worshipper of the Shining One
 75925 | Crypt:1  | Entered Level 1 of the Crypt
 76038 | Crypt:1  | Reached * piety under the Shining One
 76138 | Crypt:1  | Noticed Jory
 76458 | Vaults:2 | Killed Jory
 76525 | Crypt:1  | HP: 7/251 [deep elf zephyrmancer/bolt of lightning[the fury
                  | of Okawaru] (8)]
 76557 | Crypt:1  | Reached ** piety under the Shining One
 77060 | Crypt:2  | Reached skill level 10 in Armour
 77239 | Crypt:2  | Reached *** piety under the Shining One
 77427 | Crypt:2  | Reached **** piety under the Shining One
 77813 | Crypt:3  | Entered Level 3 of the Crypt
 78022 | Crypt:3  | Reached ***** piety under the Shining One
 79057 | Crypt:3  | Reached ****** piety under the Shining One
 79370 | Crypt:3  | Found an ancient bone altar of Kikubaaqudgha.
 79385 | Crypt:3  | Noticed an ancient lich
 79398 | Crypt:3  | Killed an ancient lich
 79785 | Crypt:3  | Reached XP level 23. HP: 261/261 MP: 29/29
 79872 | Crypt:3  | Got the Incunabulum of Darkness
 79873 | Crypt:3  | Identified the ring of Purisoepp {rPois rN+ Dex+3}
 79873 | Crypt:3  | Identified the ring of the Cockatrice {rElec rN+ MP+9
                  | Str+3}
 79873 | Crypt:3  | Identified the ring "Tait Ute" {*Corrode rC+ rN+ Int+3}
 80008 | Crypt:3  | Found a staircase to the Tomb.
 80183 | Crypt:3  | Noticed a dread lich
 80198 | Crypt:3  | Killed a dread lich
 81517 | Orc:2    | Bought a potion of heal wounds for 75 gold pieces
 81517 | Orc:2    | Bought a potion of heal wounds for 75 gold pieces
 81517 | Orc:2    | Bought a potion of curing for 45 gold pieces
 81517 | Orc:2    | Bought a potion of curing for 45 gold pieces
 81517 | Orc:2    | Bought a potion of curing for 45 gold pieces
 81517 | Orc:2    | Bought a potion of curing for 45 gold pieces
 81517 | Orc:2    | Bought a potion of might for 60 gold pieces
 81794 | Depths:1 | Found a gateway to a ziggurat.
 81826 | Depths:1 | Found a radiant altar of Vehumet.
 83842 | Depths:2 | Found a magical portal.
 83889 | WizLab   | Entered Yara's Duelist Academy
 84291 | WizLab   | Was forgiven by Okawaru
 84573 | WizLab   | Noticed Owaghu
 84585 | WizLab   | Killed Owaghu the Head Instructor
 84713 | WizLab   | Got Yara's Catalogue of Bewitchment
 85085 | Depths:2 | Noticed a juggernaut
 85092 | Depths:2 | Paralysed by a floating eye for 3 turns
 85098 | Depths:2 | Killed a juggernaut
 85102 | Depths:2 | Reached skill level 22 in Fighting
 85107 | Depths:2 | Paralysed by a floating eye for 2 turns
 85112 | Depths:2 | Upgraded the game from 0.28-a0-750-g7c675f85b1 to
                  | 0.28-a0-751-gef3a642a4e
 85114 | Depths:2 | Paralysed by a floating eye for 3 turns
 85520 | Depths:2 | Paralysed by a floating eye for 4 turns
 85772 | Depths:2 | Paralysed by a floating eye for 2 turns
 85933 | Depths:2 | Paralysed by a floating eye for 4 turns
 86532 | Depths:2 | Found a one-way gate leading to the halls of Pandemonium.
 87027 | Depths:2 | Found a snail-covered altar of Cheibriados.
 87297 | Depths:2 | Found a gateway to Hell.
 87686 | Depths:3 | Noticed a juggernaut
 87698 | Depths:3 | Reached XP level 24. HP: 237/274 MP: 29/29
 87707 | Depths:3 | Killed a juggernaut
 87743 | Depths:3 | Noticed a caustic shrike
 87752 | Depths:3 | Killed a caustic shrike
 87921 | Depths:3 | Found the +4 robe of Folly {Brilliance Will-∞ Int+8}
 88013 | Depths:3 | Got the Reference Book on Gliding Conjuration
 88018 | Depths:3 | Identified the +1 chain mail "Foygead" {rC+ Int+2 Dex-3}
 88638 | Depths:3 | Noticed a juggernaut
 88643 | Depths:3 | Killed a juggernaut
 88738 | Depths:3 | Noticed a caustic shrike
 88746 | Depths:3 | Killed a caustic shrike
 89011 | Depths:3 | Found a glowing golden altar of the Shining One.
 89375 | Depths:4 | Entered Level 4 of the Depths
 89377 | Depths:4 | Noticed a caustic shrike
 89392 | Depths:3 | Killed a caustic shrike
 89518 | Depths:4 | Noticed Xtahua
 89647 | Depths:4 | Noticed a juggernaut
 89676 | Depths:4 | Killed a juggernaut
 89707 | Depths:4 | Reached skill level 23 in Fighting
 90117 | Depths:4 | Killed Xtahua
 90655 | Depths:4 | Found a runed translucent gate.
 90665 | Depths:4 | Found a runed translucent gate.
 90665 | Depths:4 | Found a runed translucent gate.
 90665 | Depths:4 | Found an ancient bone altar of Kikubaaqudgha.
 90665 | Depths:4 | Noticed Goerukk's ghost (adept HuFi)
 90665 | Depths:4 | Noticed an ancient lich
 90665 | Depths:4 | Noticed Oleutuy's ghost (veteran SpVM)
 90665 | Depths:4 | Noticed an ancient lich
 90694 | Depths:4 | Found a gate to the Realm of Zot.
 90805 | Depths:4 | Found Viagrid's Book Emporium.
 90806 | Depths:4 | Found Zuzaul's Jewellery Shop.
 90807 | Depths:4 | Found Uroh Foo's Book Emporium.
 90932 | Depths:4 | Killed an ancient lich
 90932 | Depths:4 | Killed an ancient lich
 90935 | Depths:4 | Killed Goerukk's ghost
 90977 | Depths:4 | Killed Oleutuy's ghost
 91289 | Depths:4 | Identified the +2 pair of boots "Trusted Companion" {Harm}
 91294 | Depths:4 | Identified the ring of Umuffoh {rF+ rN+ MP+9 Dex-4}
 91376 | Depths:3 | Voluntarily entered the Abyss.
 91641 | Abyss:2  | Reached XP level 25. HP: 267/287 MP: 30/30
 92187 | Abyss:2  | Reached skill level 10 in Invocations
 92243 | Abyss:2  | Identified the +3 ring mail of the Wasteland {Str+2 Slay+5}
 92335 | Abyss:2  | Gained mutation: Your magical capacity is low. (-10% MP) [a
                  | neqoxec]
 92562 | Abyss:2  | Paralysed by accursed screaming for 1 turns
 92729 | Abyss:2  | Noticed a dread lich
 92746 | Abyss:2  | Killed a dread lich
 93095 | Abyss:3  | Found a transporter.
 93434 | Abyss:3  | Found a transporter.
 93434 | Abyss:3  | Found an iron altar of Okawaru.
 93461 | Abyss:3  | Gained mutation: You have hidden genetic potential. [a
                  | neqoxec]
 93549 | Abyss:5  | Entered Level 5 of the Abyss
 93747 | Abyss:5  | Paralysed by accursed screaming for 1 turns
 93929 | Abyss:5  | Reached skill level 24 in Fighting
 94002 | Abyss:5  | Reached XP level 26. HP: 300/300 MP: 29/29
 94054 | Abyss:5  | Paralysed by you for 5 turns
 94235 | Abyss:5  | Paralysed by accursed screaming for 1 turns
 94260 | Depths:3 | Escaped the Abyss
 94676 | Depths:3 | Identified a +9 eveningstar of holy wrath (a +9 vorpal
                  | eveningstar blessed by the Shining One)
 94676 | Depths:3 | Received a gift from the Shining One
 94683 | Depths:3 | Voluntarily entered the Abyss.
 94730 | Abyss:1  | Noticed an ancient lich
 94735 | Abyss:1  | Killed an ancient lich
 94741 | Abyss:1  | Paralysed by accursed screaming for 1 turns
 94814 | Abyss:1  | Found a candlelit altar of Ignis.
 94905 | Abyss:1  | Found a candlelit altar of Ignis.
 94947 | Abyss:1  | Found a candlelit altar of Ignis.
 94955 | Abyss:1  | Reached skill level 1 in Stealth
 95912 | Abyss:2  | Gained mutation: You have sharp toenails. [hidden
                  | potential]
 96028 | Abyss:2  | Gained mutation: You are frail. (-10% HP) [a neqoxec]
 96829 | Abyss:3  | Gained mutation: Your body sometimes deteriorates upon
                  | taking damage. [a neqoxec]
 97030 | Abyss:3  | Reached XP level 27. HP: 170/280 MP: 29/29
 97058 | Abyss:5  | Entered Level 5 of the Abyss
 97233 | Abyss:5  | Reached skill level 25 in Fighting
 97490 | Abyss:5  | Reached skill level 5 in Stealth
 97495 | Abyss:5  | Paralysed by you for 3 turns
 97686 | Abyss:5  | Found a transporter.
 97996 | Abyss:5  | Found a transporter.
 98007 | Depths:3 | Escaped the Abyss
 98009 | Depths:3 | Voluntarily entered the Abyss.
 98096 | Abyss:1  | Acquired 746 gold pieces
 98258 | Abyss:1  | Lost mutation: You are frail. (-10% HP) [hidden potential]
 98258 | Abyss:1  | Lost mutation: You have hidden genetic potential. [hidden
                  | potential expressed]
 98392 | Abyss:1  | Reached skill level 15 in Armour
 98806 | Abyss:3  | Gained mutation: You are frail. (-10% HP) [a neqoxec]
 99072 | Abyss:4  | Paralysed by accursed screaming for 1 turns
 99172 | Abyss:5  | Entered Level 5 of the Abyss
 99429 | Abyss:5  | Paralysed by you for 6 turns
 99659 | Abyss:5  | Reached skill level 26 in Fighting
 99765 | Depths:3 | Escaped the Abyss
100102 | Depths:3 | Voluntarily entered the Abyss.
100196 | Abyss:1  | Paralysed by accursed screaming for 1 turns
100230 | Abyss:1  | Reached skill level 27 in Fighting
100391 | Abyss:2  | Found a blossoming altar of Fedhas.
101006 | Abyss:4  | Got an abyssal rune of Zot
101094 | Abyss:4  | Gained mutation: You have sharp fingernails. [a neqoxec]
101251 | Depths:3 | Escaped the Abyss
101885 | D:8      | Bought a potion of mutation for 112 gold pieces
101885 | D:8      | Bought 2 potions of mutation for 224 gold pieces
101885 | D:8      | Bought 2 potions of mutation for 224 gold pieces
101885 | D:8      | Bought a potion of mutation for 112 gold pieces
101885 | D:8      | Lost mutation: Your body sometimes deteriorates upon taking
                  | damage. [potion of mutation]
101885 | D:8      | Lost mutation: You have sharp fingernails. [potion of
                  | mutation]
101885 | D:8      | Gained mutation: You are partially covered in iridescent
                  | scales. (AC +2) [potion of mutation]
101885 | D:8      | Lost mutation: You are frail. (-10% HP) [potion of
                  | mutation]
101885 | D:8      | Gained mutation: You occasionally shout uncontrollably at
                  | your foes. [potion of mutation]
102186 | Pan      | Entered Pandemonium
102207 | Pan      | Noticed Fudife the pandemonium lord
102225 | Pan      | Killed Fudife the pandemonium lord
103248 | Pan      | Noticed Ficy the pandemonium lord
103272 | Pan      | Killed Ficy the pandemonium lord
104666 | Pan      | Entered the realm of Mnoleg.
105032 | Pan      | Gained mutation: Armour fits poorly on your strangely
                  | shaped body. [a neqoxec]
105045 | Pan      | Gained mutation: Your magical capacity is very low. (-20%
                  | MP) [a neqoxec]
105053 | Pan      | Lost mutation: You are partially covered in iridescent
                  | scales. (AC +2) [potion of mutation]
105053 | Pan      | Lost mutation: Armour fits poorly on your strangely shaped
                  | body. [potion of mutation]
105053 | Pan      | Lost mutation: You occasionally shout uncontrollably at
                  | your foes. [potion of mutation]
105053 | Pan      | Gained mutation: You are agile. (Dex +2) [potion of
                  | mutation]
105053 | Pan      | Gained mutation: You are frail. (-10% HP) [potion of
                  | mutation]
105053 | Pan      | Gained mutation: You are covered in fur. (AC +1) [potion of
                  | mutation]
105086 | Pan      | Paralysed by a floating eye for 4 turns
105126 | Pan      | Noticed Mnoleg
105129 | Pan      | Gained mutation: Potions are less effective at restoring
                  | your health. [a neqoxec]
105144 | Pan      | Killed Mnoleg
105153 | Pan      | Gained mutation: Your body sometimes deteriorates upon
                  | taking damage. [a neqoxec]
105163 | Pan      | Gained mutation: Your body often deteriorates upon taking
                  | damage. [a cacodemon]
105172 | Pan      | Lost mutation: Your body often deteriorates upon taking
                  | damage. [potion of mutation]
105172 | Pan      | Lost mutation: Your body sometimes deteriorates upon taking
                  | damage. [potion of mutation]
105172 | Pan      | Gained mutation: Your magical capacity is extremely low.
                  | (-30% MP) [potion of mutation]
105172 | Pan      | Gained mutation: Your skin changes colour to match your
                  | surroundings (Stealth+). [potion of mutation]
105173 | Pan      | Lost mutation: Your magical capacity is extremely low.
                  | (-30% MP) [potion of mutation]
105173 | Pan      | Lost mutation: You have sharp toenails. [potion of
                  | mutation]
105173 | Pan      | Lost mutation: Your magical capacity is very low. (-20% MP)
                  | [potion of mutation]
105173 | Pan      | Lost mutation: You are frail. (-10% HP) [potion of
                  | mutation]
105173 | Pan      | Gained mutation: Your body sometimes deteriorates upon
                  | taking damage. [potion of mutation]
105173 | Pan      | Gained mutation: Your spells are a little easier to cast,
                  | but a little less powerful. [potion of mutation]
105173 | Pan      | Gained mutation: You are partially covered in large bone
                  | plates. (SH +4) [potion of mutation]
105190 | Pan      | Got a glowing rune of Zot
105281 | Pan      | Gained mutation: You occasionally shout uncontrollably at
                  | your foes. [a neqoxec]
105284 | Pan      | Lost mutation: Your magical capacity is low. (-10% MP)
                  | [potion of mutation]
105284 | Pan      | Lost mutation: Potions are less effective at restoring your
                  | health. [potion of mutation]
105284 | Pan      | Gained mutation: You have a pair of small horns on your
                  | head. [potion of mutation]
105375 | Pan      | Noticed Qipsakk the pandemonium lord
105395 | Pan      | HP: 15/323 [Qipsakk the pandemonium lord] (2)]
105397 | Pan      | Killed from afar by Qipsakk the pandemonium lord

Illustrated notes

Levels and vault maps discovered:
D:1:      saegor_arrival_simple_c, layout_rooms,
          shapermc_ecumenical_altar_notcrosses, minmay_lizard_pond
D:2:      layout_basic, serial_shops, shop_statue
D:3:      layout_loops_corners
D:4:      layout_rooms, serial_shops, nicolae_shop_stone, uniq_duvessa
D:5:      layout_loops_cross
D:6:      layout_rooms, gammafunk_temple_overflow_arena,
          minmay_temple_entry_statues_fountains, solitary_fountain,
          minmay_manual_mandibuliform, uniq_blork_the_orc
D:7:      layout_loops_ring, nicolae_uskayaw_dance_studio, enter_ossuary_5
D:8:      layout_basic, lair_entry_dummy, nicolae_transmutations_shop
D:9:      layout_big_octagon, tgw_fedhas, orc_0_dummy, uniq_grum
D:10:     layout_loops_corners, trog_butcher_becter,
          mainiacjoe_overflow_six_doors_small,
          mainiacjoe_overflow_concentric_impassable, minmay_lindwurm_lava
D:11:     layout_roguey, nemelex_lonely_heart_becter, uniq_josephine
D:12:     cheibrodos_orc_bank, layout_cave_pools
D:13:     layout_long_grid, ximxim_vaults_locker_room, serial_bayou_ford_a
D:14:     layout_irregular_city, hangedman_decor_clover_reticule,
          elyvilon_altar_4, uniq_nessos, uniq_azrael
D:15:     grunt_enter_depths_snipers, layout_stronghold,
          yredelemnul_altar_generic
Temple:   eino_temple_rhombus
Lair:1:   layout_regular_city, gauntlet_entry_generic, nzn_ghost_randoct,
          infiniplex_staircase_pool_2, lemuel_fruit_fields
Lair:2:   layout_concentric_octagons, spider_nest_entry_funnel_web,
          beast_lair_carwin_8, grunt_megastairs_2, serial_bayou_shore_a
Lair:3:   layout_regular_city, nicolae_swamp_entry_splash_gauntlet
Lair:4:   layout_regular_city, small_statue_intersection,
          grunt_forest_small_clearing_treed, grunt_megastairs_5
Lair:5:   minmay_lair_venomous_thicket, layout_misc_corridors,
          gammafunk_ghost_abyssal_escape
Lair:6:   hellmonk_lair_end_abyssal_woods, layout_loops_ring, slime_dummy,
          roderic_batcave, serial_bayou_pond_c, serial_bayou_shore_b, uniq_kirke
Swamp:1:  layout_basic_swamp, evilmike_swamp_ruin_house_4, uniq_roxanne
Swamp:2:  layout_basic_swamp, evilmike_swamp_ruin_house_1, swamp_pool2,
          nicolae_swamp_soggy_hallways
Swamp:3:  layout_basic_swamp, evilmike_swamp_ruin_house_3, uniq_bai_suzhen,
          uniq_aizul
Swamp:4:  swamp_vile, layout_basic_swamp
Spider:1: layout_spider_delve, nicolae_spider_swamp_cousins
Spider:2: layout_spider_delve
Spider:3: layout_chambers, portal_ice_cave_entry_pillars_four,
          nicolae_spider_scorpion_nest, uniq_arachne
Spider:4: grunt_spider_rune_circles, uniq_louise
Orc:1:    layout_caves
Orc:2:    pubby_orc_utopia, serial_shops
Elf:1:    minmay_elf_arrival_summoners, layout_geoelf_grid, serial_sigils,
          serial_sigils_hangedman_gut, serial_sigils_hangedman_clutch,
          serial_sigils_hangedman_carve, serial_sigils_hangedman_stare,
          serial_shops, shop, minivault_28, nicolae_elf_deep_mausoleum,
          uniq_donald
Elf:2:    nicolae_elf_blades_crystal_corner, layout_gridlike, serial_shops,
          shop, portal_desolation_entry_nicolae_nacl, grunt_ministairs_2,
          minivault_25_ag, corner_web_ring, drop_trap, st_stairs_6,
          serial_sigils_hangedman_scratch
Elf:3:    minmay_elf_hall_curves, layout_geoelf_diagonals,
          minmay_checkered_concentric_circles
Vaults:1: ontoclasm_vaults_chip, st_hourglassy, vaults_mumra_chevron,
          nicolae_vaults_triangles, grunt_vaults_swirl,
          hangedman_vaults_stitches, nicolae_vaults_three_branches,
          nicolae_vaults_little_squares_4, ontoclasm_vaults_fault, v_misc_30,
          layout_vaults_omnicross, serial_shops, nicolae_shop_waterfront
Vaults:2: minmay_crypt_entry_necro_gods, vaults_mumra_chevron_long,
          nicolae_vaults_bisected_slash, dpeg_vaults_monster_box,
          nicolae_vaults_little_squares_5, v_misc_32,
          nicolae_vaults_network_square, v_alt_pattern_5,
          nicolae_vaults_network_quinsquares
          [nicolae_vaults_network_quincunx_subvault,
          nicolae_vaults_network_quincunx_subvault,
          nicolae_vaults_network_quincunx_subvault,
          nicolae_vaults_network_quincunx_subvault],
          vaults_mumra_minichess_inversion, grunt_vaults_hallway_long,
          hangedman_vaults_impose, nicolae_vaults_hallways_thing,
          layout_vaults_maze_snakey, serial_shops, shop
Vaults:3: v_misc_17, nicolae_vaults_network_star,
          nicolae_vaults_little_squares_1, nicolae_vaults_murderbox,
          ontoclasm_vaults_ligature, vaults_dpeg_ring,
          nicolae_vaults_stairing_the_circle, vaults_mumra_hexcomb,
          nicolae_vaults_specimen_jars, hangedman_vaults_impose,
          vaults_room_hallway, nicolae_vaults_windows_and_doors_thing,
          vaults_dpeg_cross, v_misc_10, layout_vaults_omnibox, serial_shops,
          bzr_entry_customers
Vaults:4: ontoclasm_vaults_ring_large, vaults_room_large_hall,
          hangedman_vaults_restitches, v_misc_8, nicolae_vaults_little_ls,
          v_pattern_4, st_spiral_rooms, ontoclasm_vaults_ring_square,
          nicolae_vaults_alarming, layout_vaults_chaotic_city
Crypt:1:  layout_gridlike, serial_glass, glass_columns_b, glass_columns_a,
          uniq_jory
Crypt:2:  layout_regular_city, lemuel_upstairs_altar
Crypt:3:  quadcrypt_mu
Depths:1: layout_roguey, enter_ziggurat_c, lightli_too_deep,
          statue_in_the_mist_lemuel, nicolae_vehumet_altar_sigil
Depths:2: kennysheep_six_static_rooms, layout_cave_pools,
          pf_hell_entry_great_geh, infiniplex_enter_wizlab_water,
          rand_demon_pan_entry_7, kennysheep_slug_shrine,
          infiniplex_staircase_pillars_3a
Depths:3: little_maze_vault, layout_small_grid, lemuel_statue_altar,
          abyss_entry_small_statue_room, pf_coc_iceberg,
          infiniplex_staircase_spiral_double, roderic_lattice_octagonal_star
Depths:4: grunt_twist_and_shout, layout_cave_pools, hangedman_tar_grid_catacomb,
          serial_bayou_pond_b, gammafunk_ghost_crypt, minmay_shop_grove,
          uniq_xtahua
Pan:      grunt_pan_zigzag, layout_gridlike, evilmike_mini_pan_possible_glass,
          layout_irregular_city, pan_blood_fountain, pan_blood_fountain_2,
          nicolae_pan_sigil_eeng, grunt_pan_spiral, layout_gridlike, mnoleg_st,
          layout_small_grid, grunt_pan_sceptre, layout_pan_divisions_a
          [pan_division_quadrant_a3, pan_division_quadrant_a2,
          pan_division_quadrant_a2, pan_division_quadrant_a2,
          pan_division_octagon_empty], nicolae_pan_lom_lobonic_3

Skill      XL: |  1  2  3  4  5  6  7  8  9 10 11 12 13 14 15 16 17 18 19 20 21 22 23 24 25 26 27 |
---------------+----------------------------------------------------------------------------------+-----
Maces & Flails | 2 3 4 5 6 8 9 10 12 14 16 17 18 19 20 21 22 24 | 24.7
Fighting       | 5 6 7 8 12 16 19 20 21 22 23 24 27 | 27.0
Dodging        | 3 5 6 7 8 9 11 13 15 17 18 19 20 21 | 21.8
Shields        | 3 4 6 9 11 13 15 16 17 18 20 | 20.2
Armour         | 1 4 6 7 8 9 10 12 13 14 16 | 16.5
Invocations    | 5 9 12 13 | 13.9
Translocations | 3 6 7 |  7.1
Evocations     | 5 9 10 12 13 | 13.0
Stealth        | 4 8 |  8.3

Action                   |  1- 3 |  4- 6 |  7- 9 | 10-12 | 13-15 | 16-18 | 19-21 | 22-24 | 25-27 || total
-------------------------+-------+-------+-------+-------+-------+-------+-------+-------+-------++-------
Melee: Flail             |    43 |       |       |       |       |       |       |       |       ||    43
       Mace              |    79 |   118 |   535 |  1163 |   991 |   321 |       |       |       ||  3207
       Morningstar       |       |       |       |       |   763 |       |       |       |       ||   763
       Unarmed           |       |       |       |       |     1 |       |       |       |    34 ||    35
       Eveningstar       |       |       |       |       |       |  1244 |  1558 |  2027 |  3471 ||  8300
       Kick              |       |       |       |       |       |       |       |       |   963 ||   963
       Headbutt          |       |       |       |       |       |       |       |       |     6 ||     6
 Cast: Blink             |       |       |       |       |       |       |       |     1 |       ||     1
Invok: Heroism           |       |       |       |     7 |     3 |     4 |     3 |       |       ||    17
       Finesse           |       |       |       |       |       |     1 |       |       |       ||     1
       Divine Shield     |       |       |       |       |       |       |       |     1 |       ||     1
       Cleansing Flame   |       |       |       |       |       |       |       |     1 |       ||     1
       Brand Weapon With |       |       |       |       |       |       |       |       |     1 ||     1
       Summon Divine War |       |       |       |       |       |       |       |       |     2 ||     2
Evoke: Tin of tremorston |       |       |       |       |       |       |     2 |     2 |     1 ||     5
       Condenser vane    |       |       |       |       |       |       |     1 |     1 |       ||     2
       Phantom mirror    |       |       |       |       |       |       |       |       |     5 ||     5
  Use: Potion            |       |     1 |     2 |     2 |     3 |       |       |     7 |    11 ||    26
       Scroll            |       |       |     3 |     6 |    27 |    14 |    10 |    13 |     4 ||    77
 Stab: Sleeping          |       |       |     1 |       |       |       |       |       |       ||     1
       Confused          |       |       |       |       |       |       |     5 |       |       ||     5
       Distracted        |       |       |       |       |       |       |     2 |       |       ||     2
Armor: Robe              |    45 |    52 |   232 |       |       |       |       |       |       ||   329
       Troll leather arm |       |       |       |    58 |       |       |       |       |       ||    58
       Acid dragon scale |       |       |       |   457 |   238 |       |       |       |       ||   695
       Storm dragon scal |       |       |       |       |   601 |   719 |   418 |   337 |       ||  2075
       Gold dragon scale |       |       |       |       |       |       |       |    83 |   816 ||   899
       Skin              |       |       |       |       |       |       |       |       |     4 ||     4
Dodge: Dodged            |    38 |    55 |   191 |   446 |   548 |   434 |   412 |   430 |   622 ||  3176
Block: Kite shield       |    44 |    45 |   236 |   797 |  1223 |  1047 |   132 |       |       ||  3524
       Reflection        |       |       |       |    12 |    30 |    56 |    86 |    56 |    58 ||   298
       Tower shield      |       |       |       |       |       |       |  1482 |  2210 |  3662 ||  7354

Table legend: (Time is in decaauts)
 A = Elapsed time spent in this place.
 B = Non-inter-level travel time spent in this place.
 C = Inter-level travel time spent in this place.
 D = Time resting spent in this place.
 E = Time spent auto-exploring this place.
 F = Levels seen in this place.
 G = Mean time per level.
                   A        B        C        D        E       F      G
               +--------+--------+--------+--------+--------+-----+--------+
         Total | 103818 |  96979 |   6839 |  18429 |  56962 |  79 | 1314.2 |
       Dungeon |  25429 |  22655 |   2774 |   4147 |  14341 |  15 | 1695.3 |
        Temple |    196 |    148 |     48 |      0 |    130 |   1 |  196.0 |
          Lair |  15273 |  14149 |   1124 |   3512 |   8596 |   6 | 2545.5 |
         Swamp |   7123 |   6764 |    359 |   2037 |   3345 |   4 | 1780.8 |
   Spider Nest |   4146 |   3926 |    220 |    410 |   2636 |   4 | 1036.5 |
  Orcish Mines |   5381 |   4720 |    661 |   1221 |   2633 |   2 | 2690.5 |
   Elven Halls |   9236 |   8906 |    330 |   2378 |   4937 |   3 | 3078.7 |
        Vaults |   7751 |   7197 |    554 |    333 |   5694 |   4 | 1937.8 |
         Crypt |   4793 |   4609 |    184 |    533 |   3143 |   3 | 1597.7 |
        Depths |   9523 |   8941 |    582 |   2319 |   5263 |   4 | 2380.8 |
         Abyss |   8754 |   8754 |      0 |    633 |   2468 |  23 |  380.6 |
   Pandemonium |   3087 |   3087 |      0 |    207 |   1949 |   5 |  617.4 |
        Bazaar |    252 |    252 |      0 |      0 |    216 |   1 |  252.0 |
       Ossuary |    516 |    516 |      0 |      0 |    383 |   1 |  516.0 |
      Ice Cave |   1132 |   1132 |      0 |    334 |    589 |   1 | 1132.0 |
        Wizlab |   1117 |   1117 |      0 |    364 |    586 |   1 | 1117.0 |
    Desolation |    102 |    102 |      0 |      0 |     49 |   1 |  102.0 |
               +--------+--------+--------+--------+--------+-----+--------+

Top non-repeatable levels by time:
  Lair:3: 5106 daAuts
   Orc:2: 4684 daAuts
   Elf:2: 3532 daAuts
   Elf:3: 3236 daAuts
Depths:3: 3190 daAuts
Depths:1: 3099 daAuts
  Lair:1: 2954 daAuts
    D:13: 2928 daAuts
Vaults:2: 2913 daAuts
  Lair:2: 2786 daAuts
 Crypt:3: 2692 daAuts
   Elf:1: 2467 daAuts
 Abyss:2: 2437 daAuts
     D:9: 2363 daAuts
 Swamp:4: 2323 daAuts
